 Dungeon Crawl Stone Soup version 0.21-a0-552-g593960d (webtiles) character file.

1313 Alarkh the Digger (level 8, -5/52 HPs)
             Began as a Demonspawn Earth Elementalist on Dec 17, 2017.
             Slain by a two-headed ogre
             ... wielding a +0 giant club
              (13 damage)
             ... while paralysed by Grinder
             ... on level 6 of the Dungeon.
             The game lasted 00:07:16 (6048 turns).

Alarkh the Digger (Demonspawn Earth Elementalist)   Turns: 6048, Time: 00:07:18

Health: -5/52      AC:  6    Str: 10    XL:     8   Next: 32%
Magic:  18/18      EV:  2    Int: 18    God:
Gold:   281        SH:  0    Dex: 13    Spells: 14/20 levels left

rFire    . . .     SeeInvis .   a - +4 dagger (venom)
rCold    . . .     Gourm    .   (no shield)
rNeg     . . .     Faith    .   t - +0 ring mail
rPois    .         Spirit   .   (helmet restricted)
rElec    .         Reflect  .   u - +0 cloak
rCorr    .         Harm     .   (no gloves)
MR       .....                  (no boots)
Stlth    +.........             (no amulet)
HPRegen  0.17/turn              h - ring of wizardry
MPRegen  0.16/turn              (no ring)

@: paralysed
A: antennae 2, powered by death 2
a: no special abilities


You were on level 6 of the Dungeon.
You were not hungry.

You visited 2 branches of the dungeon, and saw 7 of its levels.

You collected 281 gold pieces.

Inventory:

Hand Weapons
 a - a +4 dagger of venom (weapon)
 k - a +3 mace of holy wrath
Missiles
 b - 79 stones (quivered)
Armour
 c - a +0 robe
 t - a +0 ring mail (worn)
 u - a +0 cloak (worn)
Jewellery
 h - a ring of wizardry (left hand)
 z - an uncursed amulet of guardian spirit
 A - an uncursed amulet of harm {unknown}
Scrolls
 e - a scroll of identify
 f - a scroll of noise
 w - a scroll of amnesia {unknown}
 y - a scroll of immolation {unknown}
 B - a scroll of remove curse
Potions
 g - a potion of degeneration
 l - 2 potions of might
 n - 3 potions of brilliance
 p - a potion of flight
 q - a potion of heal wounds
 r - 2 potions of resistance
 s - a potion of lignification {unknown}
 x - 2 potions of haste {unknown}
Books
 o - a book of Geomancy

   Spells                             Type                      Level
   a - Sandblast                      Earth                        1
   b - Passwall                       Transmutation/Earth          2
   c - Stone Arrow                    Conjuration/Earth            3
   d - Petrify                        Transmutation/Earth          4
   e - Lee's Rapid Deconstruction     Earth                        5
Comestibles
 d - 4 bread rations
 i - a meat ration
 j - 2 royal jellies
 v - a fruit


   Skills:
 - Level 1.7 Dodging
 - Level 1.7 Stealth
 + Level 6.8 Spellcasting
 - Level 0.8 Transmutations
 + Level 7.1 Earth Magic


You had 14 spell levels left.
You knew the following spells:

 Your Spells              Type           Power        Failure   Level  Hunger
a - Sandblast             Erth           ####..       1%          1    None
b - Passwall              Tmut/Erth      ###.......   3%          2    None
c - Stone Arrow           Conj/Erth      ###...       9%          3    ##.....


Dungeon Overview and Level Annotations

Branches:
Dungeon (6/15)             Temple (1/1) D:6

Altars:
Ashenzari
Dithmenos
Elyvilon
Fedhas
Gozag
Kikubaaqudgha
Makhleb
Qazlal
Ru
Sif Muna
Trog
Uskayaw
Wu Jian
Xom
Yredelemnul
Zin
The Shining One

Annotations:
D:5 1 exclusion
D:6 Grinder


Innate Abilities, Weirdness & Mutations

You have a pair of antennae on your head.
You regenerate health from kills.


Message History

Done exploring.
Done exploring.
Search for what [? for help]? oka Can't find anything matching that.
Search for what [Enter for "oka", or ? for help]? chei Can't find anything matching that.
There is a staircase back to the Dungeon here.
You climb upwards.
Welcome back to the Dungeon!
Level annotation: Grinder The two-headed ogre hits you with a giant club!!
The two-headed ogre closely misses you. Grinder gestures at you.
There is a staircase to the Ecumenical Temple, spattered with blood here.
Grinder gestures at you.
You suddenly lose the ability to move!
Found 24 bolts.
Grinder blinks!
The two-headed ogre hits you with a giant club!!
* * * LOW HITPOINT WARNING * * *
The two-headed ogre hits you with a giant club!
You die...

##....# #.#.....#
###§..# #.......#
#...### #........
##...#
######..#...## ..
#.⌠.# #...##..#####
...###...###....#..#
...................#
%...⌠..>..⌠........#
.......O@..........#
...###...###.......#
... #.⌠.# #.......#
.. #...# #........#
#.... .........#
#.........[..###
#..... (.....


You could see a two-headed ogre.

Vanquished Creatures
  Prince Ribbit (D:5)
  Menkaure (D:4)
  A water moccasin (D:6)
  An ogre (D:4)
  A phantom (D:4)
  2 crimson imps (D:5)
  2 hounds
  2 orc priests
  Crazy Yiuf (D:4)
  2 orc wizards
  Jessica (D:2)
  An iguana (D:5)
  Ijyb (D:3)
  6 worker ants
  Robin (D:3)
  A howler monkey skeleton (D:4)
  5 adders
  An ooze (D:2)
  2 adder skeletons
  A worm (D:4)
  4 dart slugs
  11 leopard geckos
  17 orcs
  2 giant cockroaches
  17 goblins
  9 hobgoblins
  7 jackals
  2 quokkas
  11 bats
  7 frilled lizards
  A giant cockroach zombie (D:5)
  A jackal skeleton (D:2)
  4 kobolds
  7 rats
  A fungus (D:4)
135 creatures vanquished.

Notes
Turn   | Place    | Note
-------+----------+-------------------------------------------
     0 | D:1      | Alarkh the Demonspawn Earth Elementalist began the quest for the Orb.
     0 | D:1      | Reached XP level 1. HP: 13/13 MP: 3/3
   267 | D:1      | Reached skill level 3 in Earth Magic
   286 | D:1      | Gained mutation: You regenerate a little health from kills. [demonic ancestry]
   286 | D:1      | Reached XP level 2. HP: 16/19 MP: 1/5
   638 | D:1      | Gained mutation: You have a pair of small antennae on your head. [demonic ancestry]
   638 | D:1      | Reached XP level 3. HP: 21/24 MP: 0/7
  1422 | D:2      | Reached XP level 4. HP: 23/30 MP: 5/8
  1712 | D:2      | Noticed Jessica
  1718 | D:2      | Killed Jessica
  1718 | D:2      | Reached skill level 4 in Earth Magic
  1722 | D:2      | Found a bloodstained altar of Trog.
  1861 | D:3      | Reached XP level 5. HP: 27/35 MP: 4/10
  2682 | D:3      | Noticed Ijyb
  2693 | D:3      | Killed Ijyb
  2836 | D:3      | Noticed Robin
  2882 | D:3      | Reached XP level 6. HP: 28/41 MP: 4/12
  2885 | D:3      | Killed Robin
  3264 | D:3      | Learned a level 3 spell: Stone Arrow
  3267 | D:3      | Learned a level 2 spell: Passwall
  3649 | D:4      | Reached skill level 5 in Earth Magic
  3928 | D:4      | Reached skill level 5 in Spellcasting
  4285 | D:4      | Found an opulent altar of Gozag.
  4286 | D:4      | Noticed Menkaure
  4297 | D:4      | Killed Menkaure
  4297 | D:4      | Gained mutation: You have a pair of antennae on your head. [demonic ancestry]
  4297 | D:4      | Reached XP level 7. HP: 46/46 MP: 2/15
  4557 | D:4      | Reached skill level 6 in Earth Magic
  4972 | D:4      | Found a runed door.
  4976 | D:4      | Noticed Crazy Yiuf
  4979 | D:4      | Killed Crazy Yiuf
  5054 | D:5      | Entered Level 5 of the Dungeon
  5473 | D:5      | Noticed Prince Ribbit
  5489 | D:5      | Killed Prince Ribbit
  5489 | D:5      | Gained mutation: You regenerate health from kills. [demonic ancestry]
  5489 | D:5      | Reached XP level 8. HP: 41/52 MP: 12/17
  5813 | D:6      | Reached skill level 7 in Earth Magic
  5888 | D:6      | Found a staircase to the Ecumenical Temple.
  5898 | D:6      | Noticed Grinder
  5898 | D:6      | Noticed a two-headed ogre
  5906 | Temple   | Entered the Ecumenical Temple
  6047 | D:6      | Paralysed by Grinder for 3 turns
  6048 | D:6      | Slain by a two-headed ogre

Vault maps used:
D:1:      eino_arrival_water_cross
D:2:      trog_butcher_becter, uniq_jessica
D:3:      uniq_robin, uniq_ijyb
D:4:      grunt_gozag_statues, uniq_menkaure, uniq_crazy_yiuf_cottage
D:5:      lemuel_ice_spiral_2, first_bread, uniq_prince_ribbit1
D:6:      minmay_temple_entry_junction, minivault_25, uniq_grinder
Temple:   nicolae_temple_elliptical

Skill      XL: |  1  2  3  4  5  6  7  8 |
---------------+-------------------------+-----
Earth Magic    | 3 4 5 6 7 |  7.1
Spellcasting   | 3 4 5 6 |  6.8
Dodging        | |  1.7
Stealth        | |  1.7
Transmutations | |  0.8

Action                   |  1- 3 |  4- 6 |  7- 9 || total
-------------------------+-------+-------+-------++-------
Melee: Unarmed           |     6 |     9 |       ||    15
       Dagger            |       |    12 |   100 ||   112
 Cast: Sandblast         |    50 |   134 |    36 ||   220
       Stone Arrow       |       |     3 |     3 ||     6
  Use: Scroll            |     3 |     5 |     1 ||     9
       Potion            |       |     2 |       ||     2
  Eat: Chunk             |     2 |     8 |     6 ||    16
Armor: Robe              |     9 |     8 |       ||    17
       Ring mail         |       |       |    40 ||    40
Dodge: Dodged            |    17 |    46 |    59 ||   122

Table legend:
 A = Spawn XP
 B = Non-spawn XP
 C = Spawn XP percentage of total XP
 D = Spawn monster count
 E = Non-spawn monster count
 F = Spawn count percentage of total count
 G = Total turns spent on level
                    A         B        C        D         E        F      G
               +---------+---------+-------+---------+---------+-------+---------
         Total |       0 |    1876 |   0.0 |       0 |     134 |   0.0 |  6048
               +---------+---------+-------+---------+---------+-------+---------
           D:1 |       0 |      45 |   0.0 |       0 |      26 |   0.0 |  1051
           D:2 |       0 |     166 |   0.0 |       0 |      27 |   0.0 |  1227
           D:3 |       0 |     207 |   0.0 |       0 |      37 |   0.0 |  1246
           D:4 |       0 |     704 |   0.0 |       0 |      29 |   0.0 |  1530
           D:5 |       0 |     609 |   0.0 |       0 |      14 |   0.0 |   738
           D:6 |       0 |     145 |   0.0 |       0 |       1 |   0.0 |   116
               +---------+---------+-------+---------+---------+-------+---------
